 Dungeon Crawl Stone Soup version 0.25-a0-86-ga6f17ae7d4 (webtiles) character file.

Game seed: 5523679833259865862, levelgen mode: deterministic

51 D1HalberdGnoll the Poker (level 3, 0/28 HPs)
             Began as a Merfolk Skald on Nov 9, 2019.
             Slain by Terence
             ... wielding a +1 mace of protection
              (8 damage)
             ... on level 2 of the Dungeon.
             The game lasted 00:01:45 (1737 turns).

D1HalberdGnoll the Poker (Merfolk Skald)            Turns: 1737, Time: 00:01:46

Health: 0/28       AC:  3    Str: 12    XL:     3   Next: 83%
Magic:  1/6        EV: 13    Int: 12    God:
Gold:   90         SH:  0    Dex: 13    Spells: 5/6 levels left

rFire    . . .     SeeInvis .   a - +0 spear
rCold    . . .     Gourm    .   (no shield)
rNeg     . . .     Faith    .   b - +0 leather armour
rPois    .         Spirit   .   (no helmet)
rElec    .         Reflect  .   (no cloak)
rCorr    .         Harm     .   (no gloves)
MR       .....                  (no boots)
Stlth    +.........             (no amulet)
HPRegen  0.09/turn              (no ring)
MPRegen  0.10/turn              (no ring)

@: infused
A: change form in water, swift swim, stealthy swim
a: no special abilities


You were on level 2 of the Dungeon.
You were not hungry.

You visited 1 branch of the dungeon, and saw 2 of its levels.

You collected 90 gold pieces.

Inventory:

Hand Weapons
 a - a +0 spear (weapon)
Missiles
 i - 15 poisoned darts (quivered)
Armour
 b - a +0 leather armour (worn)
 h - a +0 helmet
Wands
 j - a wand of polymorph (5)
Scrolls
 c - 3 scrolls of remove curse {unknown}
 e - a scroll of fog {unknown}
 g - 2 scrolls of teleportation {unknown}
 k - a scroll of noise {unknown}
Potions
 f - a potion of curing {unknown}
Comestibles
 d - 3 rations
 l - a chunk of flesh


   Skills:
 + Level 2.8 Fighting
 * Level 4.7 Polearms
 - Level 0.6 Armour
 + Level 3.5 Dodging
 - Level 2.0 Spellcasting
 - Level 3.2 Charms


You had 5 spell levels left.
You knew the following spells:

 Your Spells              Type           Power        Failure   Level  Hunger
a - Infusion              Chrm           #...         9%          1    ##.....

Your spell library contained the following spells:

 Spells                   Type           Power        Failure   Level  Hunger
 Song of Slaying          Chrm           #.......     14%         2    ###....
 Shroud of Golubria       Chrm/Tloc      #.....       26%         2    ###....
 Regeneration             Chrm/Necr      #.........   47%         3    ####...
 Spectral Weapon          Hex/Chrm       #.......     47%         3    ####...


Dungeon Overview and Level Annotations

Branches:
Dungeon (2/15)

Altars:

Annotations:
D:2 Terence


Message History

You hit Terence but do no damage.
Terence is moderately wounded.
Terence hits you with a +1 mace of protection.
* * * LOW HITPOINT WARNING * * *
You closely miss Terence.
Terence is moderately wounded.
Terence barely misses you.
You hit Terence but do no damage.
Terence is moderately wounded.
You closely miss Terence.
Terence is moderately wounded.
Terence barely misses you.
You hit Terence.
Terence is heavily wounded.
Terence hits you with a +1 mace of protection.
* * * LOW HITPOINT WARNING * * *
You hit Terence.
Terence is heavily wounded.
Terence hits you with a +1 mace of protection!
You die...

.# #.### .. ..###...#
#.... # #...###.####....
.# ###.............
#####.###
................##........
................##........
..#.............##..%.....
................##.(......
).#.............@@r!......
..#.....#####....#.......?
..#..<...####....#........
..#..............#........
.(...............#........
#############....#########
#....# #....# #....#


You could see Terence and a rat.

Vanquished Creatures
  An adder (D:2)
  3 dart slugs
  A giant cockroach (D:2)
  4 goblins
  6 hobgoblins
  3 jackals (D:1)
  4 bats
  2 frilled lizards
  9 kobolds
  2 rats
35 creatures vanquished.

Notes
Turn   | Place    | Note
-------+----------+-------------------------------------------
     0 | D:1      | D1HalberdGnoll the Merfolk Skald began the quest for the
                  | Orb.
     0 | D:1      | Reached XP level 1. HP: 16/16 MP: 3/3
   326 | D:1      | Reached XP level 2. HP: 20/23 MP: 5/5
   600 | D:1      | Reached skill level 4 in Polearms
   613 | D:1      | Reached XP level 3. HP: 13/28 MP: 0/6
  1709 | D:2      | Noticed Terence
  1737 | D:2      | Slain by Terence

Levels and vault maps discovered:
D:1:      lightli_arrival_farm, layout_basic, st_stairs_2, minmay_door_square
D:2:      layout_rooms, uniq_robin, uniq_terence

Skill      XL: |  1  2 |
---------------+-------+-----
Dodging        | 3 |  3.5
Polearms       | 4 |  4.7
Fighting       | |  2.8
Armour         | |  0.6
Spellcasting   | |  2.0
Charms         | |  3.2

Action                   || total
-------------------------++-------
Melee: Spear             ||   142
 Cast: Infusion          ||     5
  Eat: Chunk             ||     3
Armor: Leather armour    ||    12
Dodge: Dodged            ||    56

Table legend:
 A = Non-vault XP
 B = Vault XP
 C = Vault XP percentage of total XP
 D = Non-vault monster count
 E = Vault monster count
 F = Vault count percentage of total count
                 A         B        C        D         E       F
            +---------+---------+-------+---------+---------+-------
      Total |      66 |       8 |  10.8 |      32 |       3 |   8.6
            +---------+---------+-------+---------+---------+-------
        D:1 |      33 |       8 |  19.5 |      19 |       3 |  13.6
        D:2 |      33 |       0 |   0.0 |      13 |       0 |   0.0
            +---------+---------+-------+---------+---------+-------
